AoeStats
← HereticMink

Arena

509009839Analyzed
4v4 RM · 6d ago on Sep 25, 2026· 52m 4s· 8 players
Game mode
Random Map
Map size
Large (8 player)
Population
200
Speed
Normal
Resources
Standard
Victory
Conquest
Starting age
Dark Age
Ending age
Imperial Age
RankedLock teamsTeams togetherTeam positionsShared explorationLock speedFull tech treeHidden civsTurbo modeCheats
Victory
Defeat
🇺🇸 Franks · United States
915
+13
🇺🇸 Khmer · United States
846
+16
🇺🇸 Bohemians · United States
845
+16
🇨🇴 Goths · Colombia
829
+17
🇳🇮 Georgians · Nicaragua
931
-19
🇧🇷 Ethiopians · Brazil
881
-32
🇦🇷 Spanish · Argentina
810
-14
🇨🇴 Varangians · Colombia
760
-12
HereticMink
0:27 Loom
11:40 Feudal Age
12:19 Horse Collar
12:27 Double-Bit Axe
17:25 Castle Age
21:36 Wheelbarrow
21:13 Heavy Plow
21:36 Bow Saw
21:28 Town Watch
22:55 Caravan
28:50 Hand Cart
32:08 Imperial Age
29:43 Town Patrol
30:19 Bloodlines
33:56 Heavy Scorpion
35:03 Stone Mining
35:03 Gold Mining
35:45 Conscription
36:41 Husbandry
36:02 Light Cavalry
44:53 Fletching
45:15 Forging
45:11 Scale Barding Armor
45:31 Ballistics
45:18 Siege Engineers
46:15 Chemistry
48:22 Hussar
52:13 Parthian Tactics
51:09 Heavy Cavalry Archer
Jdz702
3:49 Loom
10:35 Feudal Age
12:13 Double-Bit Axe
12:25 Horse Collar
20:00 Forging
22:24 Castle Age
22:58 Wheelbarrow
23:33 Bow Saw
23:25 Heavy Plow
26:17 Pikeman
31:49 Imperial Age
34:59 Chemistry
34:53 Fletching
35:06 Padded Archer Armor
42:18 Houfnice
43:34 Elite Hussite Wagon
48:53 Halberdier
49:33 Bodkin Arrow
50:15 Iron Casting
49:42 Scale Mail Armor
50:49 Two-Man Saw
Blizzard
10:12 Feudal Age
14:07 Castle Age
12:36 Double-Bit Axe
16:32 Bow Saw
28:59 Wheelbarrow
32:48 Imperial Age
30:08 Loom
30:59 Husbandry
31:46 Scale Barding Armor
31:52 Forging
31:33 Fletching
33:05 Hand Cart
32:57 Gold Mining
32:57 Stone Mining
33:26 Cavalier
34:55 Gold Shaft Mining
35:02 Conscription
35:16 Chain Barding Armor
36:06 Paladin
38:24 Plate Barding Armor
38:41 Iron Casting
44:21 Blast Furnace
43:17 Bodkin Arrow
50:03 Ballistics
50:44 Chemistry
estebanlozanop
0:44 Loom
9:46 Feudal Age
17:29 Castle Age
28:21 Double-Bit Axe
33:00 Wheelbarrow
36:43 Horse Collar
42:52 Imperial Age
40:41 Hand Cart
40:35 Squires
40:44 Scale Mail Armor
42:54 Forging
43:13 Elite Huskarl
43:56 Perfusion
44:18 Conscription
44:40 Iron Casting
45:13 Anarchy
47:36 Caravan
49:13 Blast Furnace
48:29 Chain Mail Armor
49:56 Heavy Plow
50:09 Bow Saw
49:51 Gold Mining
Ing. Felipe Peralta
0:41 Loom
10:21 Feudal Age
10:48 Double-Bit Axe
11:09 Gold Mining
12:04 Wheelbarrow
17:49 Castle Age
16:11 Horse Collar
17:11 Stone Mining
19:54 Stone Shaft Mining
22:10 Hand Cart
24:44 Bow Saw
25:57 Heavy Plow
32:26 Imperial Age
31:42 Forging
31:38 Scale Barding Armor
31:37 Padded Archer Armor
31:46 Fletching
31:59 Husbandry
32:11 Bloodlines
32:04 Squires
31:51 Arson
32:55 Ballistics
32:02 Vendel Legacy
34:26 Iron Casting
34:12 Chain Barding Armor
33:15 Light Cavalry
36:32 Chemistry
35:45 Pikeman
37:02 Murder Holes
36:51 Halberdier
38:32 Crop Rotation
39:09 Two-Man Saw
37:33 Hussar
38:43 Treadmill Crane
42:29 Elite Jarl
44:18 Blast Furnace
43:19 Scale Mail Armor
43:05 Cavalier
43:07 Elite Varangian Guard
43:34 Gambesons
48:50 Gothikon
BOANERGES
2:56 Loom
3:06 Loom
10:44 Feudal Age
17:25 Castle Age
15:34 Double-Bit Axe
16:09 Gold Mining
16:22 Horse Collar
16:57 Stone Mining
31:56 Imperial Age
29:19 Fletching
31:13 Ballistics
30:49 Murder Holes
30:52 Bodkin Arrow
33:51 Chemistry
32:53 Bracer
33:39 Bow Saw
35:51 Conscription
40:12 Elite Conquistador
Legolas
11:45 Feudal Age
15:53 Castle Age
21:32 Gold Mining
21:28 Double-Bit Axe
23:10 Bow Saw
25:16 Horse Collar
33:14 Imperial Age
31:27 Heavy Plow
32:25 Wheelbarrow
theilor.taiariol
10:16 Feudal Age
12:32 Double-Bit Axe
12:34 Horse Collar
17:21 Castle Age
18:08 Wheelbarrow
18:19 Heavy Plow
18:37 Bow Saw
19:12 Gold Mining
23:33 Stone Mining
24:19 Gold Shaft Mining
29:48 Hand Cart
34:05 Imperial Age
33:39 Royal Heirs
34:33 Scale Mail Armor
35:25 Caravan
35:41 Elite Shotel Warrior
36:44 Conscription
38:06 Scale Barding Armor
38:17 Chain Mail Armor
38:13 Forging
37:53 Fletching
38:04 Padded Archer Armor
39:13 Chemistry
38:33 Ballistics
37:49 Halberdier
38:29 Squires
38:15 Arson
39:32 Elite Skirmisher
39:56 Light Cavalry
39:57 Heavy Camel Rider
40:41 Heavy Scorpion
50:11 Hussar
Connection lost

Rejoining the realm…

Still unreachable

The connection could not be restored.

Session expired

The server has moved on; the page needs a fresh start.